 Dungeon Crawl Stone Soup version 0.29.1-13-g9f3cf754e1 (webtiles) character file.

Game seed: 3352608651369687811

9 Chiseanne the Poker (level 2, 16/21 HPs)
             Began as a Demonspawn Wanderer on Feb 10, 2023.
             Quit the game on level 1 of the Dungeon.
             The game lasted 00:00:43 (311 turns).

Chiseanne the Poker (Demonspawn Wanderer)            Turns: 311, Time: 00:00:44

Health: 16/21      AC:  3    Str: 17    XL:     2   Next: 6%
Magic:  2/2        EV: 10    Int: 10    God:
Gold:   13         SH:  4    Dex: 10    Spells: 1/1 levels left

rFire   . . .      SeeInvis .   a - +2 spear
rCold   . . .      Faith    .   c - +0 buckler
rNeg    . . .      Spirit   .   e - +0 leather armour
rPois   .          Reflect  .   (no helmet)
rElec   .          Harm     .   (no cloak)
rCorr   .          Rampage  .   (no gloves)
Will    .....                   (no boots)
Stlth   +.........              (no amulet)
HPRegen 0.07/turn               (no ring)
MPRegen 0.08/turn               (no ring)

@: no status effects
A: demonic touch 1
a: no special abilities


You were on level 1 of the Dungeon.
You visited 1 branch of the dungeon, and saw 1 of its levels.

You collected 13 gold pieces.

Inventory:

Hand Weapons
 a - a +2 spear (weapon)
Missiles
 h - 8 stones (quivered)
Armour
 c - a +0 buckler (worn)
 e - a +0 leather armour (worn)
Scrolls
 d - a scroll of teleportation
 g - 4 scrolls of identify {unknown}
Potions
 b - a potion of lignification
 f - a potion of ambrosia {unknown}
 i - a potion of attraction {unknown}


   Skills:
 * Level 1.3 Fighting
 - Level 4.5 Polearms
 * Level 0.5 Armour
 * Level 0.5 Dodging
 * Level 2.0 Shields
 - Level 1.0 Unarmed Combat
 - Level 1.2 Invocations


You had one spell level left.
You didn't know any spells.
Your spell library was empty.

Dungeon Overview and Level Annotations

Branches:
Dungeon (1/15)

Altars:


Innate Abilities, Weirdness & Mutations

Your touch may inflict minor irresistible damage on your foes.


Message History

You block the bat's attack.
You hit the bat but do no damage.
The bat is severely wounded.
The bat barely misses you.
A ball python comes into view.
The ball python hisses angrily.
The bat hits you.
You closely miss the bat.
The bat is heavily wounded.
The bat hits you but does no damage. You block the bat's attack.
You barely miss the bat.
The bat is moderately wounded.
The bat barely misses you.
You reach to attack!
You hit the bat but do no damage.
The bat is moderately wounded.
The bat hits you but does no damage.
You closely miss the bat.
The bat is moderately wounded.
The bat misses you. You block the ball python's attack.
The ball python completely misses you.
You barely miss the ball python. The bat barely misses you.
The ball python bites you. The ball python grabs you.
The ball python constricts you.
You hit the ball python.
The ball python is severely wounded.
The bat hits you. You block the ball python's attack.
The ball python constricts you.
You hit the ball python.
You kill the ball python!
The bat misses you.
You have reached level 2!
You feel monstrous as your demonic heritage exerts itself.
Your demonic ancestry asserts itself...
Your hands begin to faintly glow with unholy energy.
You hit the bat.
You kill the bat!
Unknown command.
Unknown command.
Are you sure you want to abandon this character and quit the game? (Confirm with "yes".)

##.###.####.......##
#...######.....##
##.......##...##
#..####.# #+## #..#
#.# #.# #..####.#
#.# # #
##......###!## # ~#~
+.###..##...###...
#~# #.#
#..#.†@....... #~#
#.###..##..†######
#~# #..........##
~~# ##########.# #~#
#.# ~~# #.# ### #.#
#.# #.#


There were no monsters in sight!

Vanquished Creatures
  4 ball pythons (D:1)
  2 bats (D:1)
  A hobgoblin (D:1)
  A rat (D:1)
8 creatures vanquished.

Notes
Turn   | Place    | Note
-------+----------+-------------------------------------------
     0 | D:1      | Chiseanne the Demonspawn Wanderer began the quest for the
                  | Orb.
     0 | D:1      | Chiseanne set off with the following items: a +2 spear, a
                  | potion of lignification, a +0 buckler, a scroll of
                  | teleportation, a +0 leather armour.
     0 | D:1      | Reached XP level 1. HP: 15/15 MP: 1/1
   310 | D:1      | Discovered your monstrous ancestry.
   310 | D:1      | Gained mutation: Your touch may inflict minor irresistible
                  | damage on your foes. [demonic ancestry]
   310 | D:1      | Reached XP level 2. HP: 16/21 MP: 2/2
   311 | D:1      | Quit the game

Illustrated notes

Levels and vault maps discovered:
D:1:      ncdulo_wetmaze, layout_loops_corners, chequers_mini_garden

Skill      XL: |  1 |
---------------+----+-----
Shields        | 2 |  2.0
Fighting       | |  1.3
Polearms       | |  4.5
Armour         | |  0.5
Dodging        | |  0.5
Unarmed Combat | |  1.0
Invocations    | |  1.2

Action                   || total
-------------------------++-------
Melee: Spear             ||    29
Armor: Leather armour    ||     6
Dodge: Dodged            ||    18
Block: Buckler           ||     8
